 Dungeon Sprint DCSS version 0.26-a0-1177-g1209ec82b9 (webtiles) character file.

Game seed: 16954536302893995458

21 sahdkjhfkaj the Conjurer (level 2, -7/15 HPs)
             Began as a Tengu Air Elementalist on Dec 25, 2020.
             Was an Initiate of Cheibriados.
             Mangled by a troll (14 damage)
             ... in the Dungeon (Sprint IX: "|||||||||||||||||||||||||||||").
             The game lasted 00:00:37 (190 turns).

sahdkjhfkaj the Conjurer (Tengu Air Elementalist)    Turns: 190, Time: 00:00:37

Health: -7/15      AC:  2    Str:  9    XL:     2   Next: 87%
Magic:  7/7        EV: 13    Int: 16    God:    Cheibriados [......]
Gold:   0          SH:  0    Dex: 15    Spells: 6/7 levels left

rFire    . . .     SeeInvis .   (no weapon)
rCold    . . .     Faith    .   (no shield)
rNeg     . . .     Spirit   .   a - +0 robe
rPois    .         Reflect  .   (helmet restricted)
rElec    .         Harm     .   (no cloak)
rCorr    .         Rampage  .   (no gloves)
Will     .....     NoTele   +   (boots unavailable)
Stlth    ++........             (no amulet)
HPRegen  0.05/turn              (no ring)
MPRegen  0.10/turn              (no ring)

@: very slightly contaminated, invisible, very slow
A: beak, talons 3
a: Renounce Religion, Bend Time


You were in the Dungeon.
You worshipped Cheibriados.
Cheibriados was noncommittal.
You visited 1 branch

Inventory:

Armour
 a - a +0 robe (worn)
Jewellery
 l - a +3 ring of strength
 m - a +3 ring of intelligence
Wands
 k - a wand of iceblast (10)
Scrolls
 h - 2 scrolls of blinking
 i - 3 scrolls of remove curse
 j - 2 scrolls of amnesia
Potions
 c - 5 potions of curing
 d - 3 potions of heal wounds
 e - a potion of haste
 f - 4 potions of magic
 g - a potion of berserk rage


   Skills:
 - Level 2.1 Dodging
 - Level 2.0 Stealth
 + Level 3.0 Spellcasting
 + Level 5.3 Conjurations
 + Level 5.2 Air Magic


You had 6 spell levels left.
You knew the following spells:

 Your Spells              Type           Power        Failure   Level
a - Shock                 Conj/Air       76%          2%          1

Your spell library contained the following spells:

 Spells                   Type           Power        Failure   Level
 Swiftness                Air            19%          3%          2
 Static Discharge         Conj/Air       19%          6%          3
 Airstrike                Air            9%           22%         4
 Lightning Bolt           Conj/Air       9%           52%         5


Dungeon Overview and Level Annotations

Branches:
Dungeon (1/1)

Altars:
Cheibriados
Dithmenos
Elyvilon
Fedhas
Gozag
Hepliaklqana
Kikubaaqudgha
Makhleb
Nemelex Xobeh
Okawaru
Qazlal
Ru
Sif Muna
Trog
Uskayaw
Vehumet
Wu Jian
Xom
Yredelemnul
Zin
The Shining One
Beogh
Jiyva
Lugonu


Innate Abilities, Weirdness & Mutations

You have a beak for a mouth.
You have claws for feet.


Message History

You open the door.
A worker ant, a gnoll, an orc warrior, a troll, a quasit and a zombie come into view.
The troll shouts!
The orc warrior shouts!
The gnoll shouts!
There are monsters nearby!
There are monsters nearby!
There are monsters nearby!
There are monsters nearby!
There are monsters nearby!
There are monsters nearby!
There are monsters nearby!
There are monsters nearby!
There are monsters nearby!
You fade into invisibility!
The gnoll hits you from afar with a +0 spear!
Ouch! That really hurt!
The troll closely misses you. x3
You are very lightly contaminated with residual magic.
The troll bites you!
Ouch! That really hurt!
You die... ▓▓▓▓▓▓▓▓▓▓▓▓▓▓▓▓▓▓▓▓▓▓▓▓▓ ________'..).[[[@T'gB5.oZ ▓▓▓▓▓▓▓▓▓▓▓▓▓▓▓▓▓▓▓▓▓▓▓▓▓

You could see a troll, an orc warrior, a worker ant, a quasit and a gnoll.

Vanquished Creatures
  A white imp (D)
  An adder zombie (D)
  A dart slug (D)
  An orc (D)
  A hobgoblin (D)
  A giant cockroach zombie (D)
  A goblin (D)
  A jackal zombie (D)
  2 kobolds (D)
10 creatures vanquished.

Notes
Turn   | Place    | Note
-------+----------+-------------------------------------------
     0 | D        | sahdkjhfkaj the Tengu Air Elementalist began the quest for
                  | the Orb.
     0 | D        | Reached XP level 1. HP: 10/10 MP: 4/4
     8 | D        | Reached XP level 2. HP: 12/15 MP: 0/6
    77 | D        | Reached skill level 5 in Conjurations
    77 | D        | Reached skill level 5 in Air Magic
   141 | D        | Found a roughly hewn altar of Beogh.
   141 | D        | Found a snail-covered altar of Cheibriados.
   141 | D        | Found a shadowy altar of Dithmenos.
   141 | D        | Found a white marble altar of Elyvilon.
   141 | D        | Found a blossoming altar of Fedhas.
   141 | D        | Found an opulent altar of Gozag.
   142 | D        | Found a hazy altar of Hepliaklqana.
   143 | D        | Found a viscous altar of Jiyva.
   144 | D        | Found an ancient bone altar of Kikubaaqudgha.
   145 | D        | Found a corrupted altar of Lugonu.
   146 | D        | Found a burning altar of Makhleb.
   149 | D        | Became a worshipper of Cheibriados the Contemplative
   152 | D        | Found a sparkling altar of Nemelex Xobeh.
   153 | D        | Found an iron altar of Okawaru.
   154 | D        | Found a stormy altar of Qazlal.
   155 | D        | Found a sacrificial altar of Ru.
   156 | D        | Found a shimmering blue altar of Sif Muna.
   157 | D        | Found a bloodstained altar of Trog.
   158 | D        | Found a hide-covered altar of Uskayaw.
   159 | D        | Found a radiant altar of Vehumet.
   160 | D        | Found an ornate altar of the Wu Jian Council.
   161 | D        | Found a shimmering altar of Xom.
   162 | D        | Found a basalt altar of Yredelemnul.
   163 | D        | Found a glowing silver altar of Zin.
   164 | D        | Found a glowing golden altar of the Shining One.
   188 | D        | Noticed a troll
   188 | D        | Noticed an orc warrior
   190 | D        | Mangled by a troll

Illustrated notes

Levels and vault maps discovered:
D:        linesprint [early_d, line_temple, items_1, d_10, items_2, lair_1,
          lair_end, items_3, orc_1, orc_end, items_4, d_15, swamp_1, shoals_1,
          snake_1, spider_1, d_20, vaults_1, items_5, swamp_end, shoals_end,
          snake_end, spider_end, vaults_end, d_27, items_6, zot_1, zot_end,
          crypt_end, forest_end, elf_end, slime_end, tomb_end, abyss_end,
          pan_hell_end]

Skill      XL: |  1  2 |
---------------+-------+-----
Conjurations   | 4 5 |  5.3
Air Magic      | 5 |  5.2
Spellcasting   | 3 |  3.0
Dodging        | |  2.1
Stealth        | |  2.0

Action                   || total
-------------------------++-------
Melee: Unarmed           ||     1
       Kick              ||     1
 Cast: Shock             ||     9
  Use: Potion            ||     1
Dodge: Dodged            ||     5

Table legend: (Time is in decaauts)
 A = Elapsed time spent in this place.
 B = Non-inter-level travel time spent in this place.
 C = Inter-level travel time spent in this place.
 D = Time resting spent in this place.
 E = Time spent auto-exploring this place.
 F = Levels seen in this place.
 G = Mean time per level.
                   A        B        C        D        E       F      G
               +--------+--------+--------+--------+--------+-----+--------+
         Total |    198 |    198 |      0 |    113 |     52 |   1 |  198.0 |
       Dungeon |    198 |    198 |      0 |    113 |     52 |   1 |  198.0 |
               +--------+--------+--------+--------+--------+-----+--------+

Top non-repeatable levels by time:
       D: 198 daAuts
